 Dungeon Crawl Stone Soup version 0.23-a0-622-g59b4ea9c50 (webtiles) character file.

184 Maize the Chopper (level 5, -6/47 HPs)
             Began as a Minotaur Fighter on Dec 24, 2018.
             Mangled by a gnoll sergeant
             ... wielding a +1 spear of venom
              (10 damage)
             ... on level 4 of the Dungeon.
             The game lasted 00:03:15 (2062 turns).

Maize the Chopper (Minotaur Fighter)                Turns: 2062, Time: 00:03:16

Health: -6/47      AC: 10    Str: 26    XL:     5   Next: 36%
Magic:  4/4        EV: 10    Int:  5    God:
Gold:   99         SH:  0    Dex: 10    Spells: 4/4 levels left

rFire    . . .     SeeInvis .   a - +0 war axe
rCold    . . .     Gourm    .   (no shield)
rNeg     . . .     Faith    .   l - +0 chain mail (curse)
rPois    .         Spirit   .   (helmet restricted)
rElec    .         Reflect  .   r - +0 cloak (curse)
rCorr    .         Harm     .   (no gloves)
MR       .....                  (no boots)
Stlth    ..........             (no amulet)
HPRegen  0.15/turn              i - +2 ring of evasion
MPRegen  0.09/turn              (no ring)

@: mighty, lethally poisoned (-6 -> -25)
A: retaliatory headbutt, horns 2
a: no special abilities


You were on level 4 of the Dungeon.
You were not hungry.

You visited 1 branch of the dungeon, and saw 4 of its levels.

You collected 99 gold pieces.

Inventory:

Hand Weapons
 a - a +0 war axe (weapon)
 p - a +0 vampiric hand axe
Armour
 l - a cursed +0 chain mail (worn)
 r - a cursed +0 cloak (worn)
Jewellery
 i - a +2 ring of evasion (left hand)
 o - a cursed ring of attention {unknown}
Scrolls
 h - 2 scrolls of identify {unknown}
 j - a scroll of enchant weapon {unknown}
 k - 4 scrolls of teleportation {unknown}
 m - 4 scrolls of fog {unknown}
 n - 2 scrolls of magic mapping {unknown}
 q - a scroll of enchant armour {unknown}
 s - a scroll of blinking {unknown}
 u - 2 scrolls of remove curse {unknown}
 w - a scroll of fear {unknown}
Potions
 c - a potion of agility {unknown}
 d - a potion of might
 e - 2 potions of flight {unknown}
 g - 2 potions of magic {unknown}
 t - a potion of curing {unknown}
 v - a potion of cancellation {unknown}
 x - a potion of heal wounds {unknown}
Comestibles
 b - 2 chunks of flesh
 f - a ration


   Skills:
 + Level 4.7 Fighting
 * Level 5.2 Axes
 + Level 4.8 Armour
   Level 3.6 Shields


You had 4 spell levels left.
You didn't know any spells.
Your spell library was empty.

Dungeon Overview and Level Annotations

Branches:
Dungeon (4/15)
 Temple: D:4-7

Altars:
Nemelex Xobeh


Innate Abilities, Weirdness & Mutations

You reflexively headbutt those who attack you in melee.
You have a pair of horns on your head.


Message History

You hit the gnoll shaman. You closely miss the gnoll.
You hit the gnoll but do no damage. You hit the gnoll.
* * * LOW HITPOINT WARNING * * *
You feel sick.
The gnoll hits you but does no damage. x2
The gnoll barely misses you.
The gnoll shaman hits you but does no damage.
The gnoll shaman closely misses you. The gnoll hits you but does no damage.
The gnoll hits you with a +0 club.
* * * LOW HITPOINT WARNING * * *
You hit the gnoll sergeant.
Your headbutt misses the gnoll sergeant.
The gnoll sergeant is moderately wounded.
You hit the gnoll. x3; You closely miss the gnoll shaman.
You hit the gnoll shaman.
* * * LOW HITPOINT WARNING * * *
You feel sick. The gnoll hits you with a +0 spear.
* * * LOW HITPOINT WARNING * * *
The gnoll closely misses you. The gnoll hits you but does no damage.
The gnoll sergeant hits you with a +1 spear of venom!
You die...

#### #. #
##############
.....ggg.)...+.
.....gg@)g...#.#
.....ggggg...#?#
.............#.#
############+###


You could see a gnoll sergeant, 2 gnoll shamans and 8 gnolls.

Vanquished Creatures
  A centaur skeleton (D:4)
  A killer bee zombie (D:4)
  3 adders (D:2)
  4 gnolls
  A worm (D:2)
  2 dart slugs
  5 leopard geckos
  3 orcs
  4 giant cockroaches (D:1)
  4 goblins
  4 hobgoblins (D:1)
  7 kobolds
  A quokka (D:2)
  5 bats
  4 frilled lizards
  12 rats
61 creatures vanquished.

Notes
Turn   | Place    | Note
-------+----------+-------------------------------------------
     0 | D:1      | Maize the Minotaur Fighter began the quest for the Orb.
     0 | D:1      | Reached XP level 1. HP: 19/19 MP: 0/0
   142 | D:1      | Reached skill level 3 in Axes
   142 | D:1      | Reached XP level 2. HP: 27/27 MP: 1/1
   467 | D:1      | Reached XP level 3. HP: 33/33 MP: 2/2
   665 | D:2      | You fall through a shaft for 2 floors!
   680 | D:4      | Reached skill level 4 in Axes
   708 | D:4      | Reached XP level 4. HP: 39/41 MP: 3/3
  1151 | D:2      | Found a sparkling altar of Nemelex Xobeh.
  1368 | D:2      | Reached XP level 5. HP: 47/47 MP: 4/4
  1640 | D:3      | Found a faded altar of an unknown god.
  1822 | D:3      | Reached skill level 5 in Axes
  2062 | D:4      | Mangled by a gnoll sergeant

Vault maps used:
D:1:      dpeg_arrival_windows_large_door
D:2:      chequers_serial_rivers_marsh, nemelex_altar_shiori
D:3:      chequers_ecumenical_altar_simple
D:4:      lemuel_castle_with_subvaults, minmay_fire_ice_demons,
          uniq_blork_the_orc

Skill      XL: |  1  2  3  4  5 |
---------------+----------------+-----
Axes           | 3 4 5 |  5.2
Armour         | 4 |  4.8
Fighting       | 4 |  4.7
Shields        | |  3.6

Action                   |  1- 3 |  4- 6 || total
-------------------------+-------+-------++-------
Melee: War axe           |    51 |    80 ||   131
       Headbutt          |     7 |     9 ||    16
  Use: Potion            |       |     1 ||     1
  Eat: Chunk             |       |     4 ||     4
Armor: Scale mail        |    28 |       ||    28
       Chain mail        |       |    55 ||    55
Dodge: Dodged            |    31 |    56 ||    87

Table legend:
 A = Non-vault XP
 B = Vault XP
 C = Vault XP percentage of total XP
 D = Non-vault monster count
 E = Vault monster count
 F = Vault count percentage of total count
                 A         B        C        D         E       F
            +---------+---------+-------+---------+---------+-------
      Total |     222 |      42 |  15.9 |      58 |       3 |   4.9
            +---------+---------+-------+---------+---------+-------
        D:1 |      54 |       0 |   0.0 |      23 |       0 |   0.0
        D:2 |      73 |       0 |   0.0 |      18 |       0 |   0.0
        D:3 |      26 |       0 |   0.0 |      15 |       0 |   0.0
        D:4 |      69 |      42 |  37.8 |       2 |       3 |  60.0
            +---------+---------+-------+---------+---------+-------
